[ PARTIDA AOE2 · #483969149 ]
Team RMMongoles vs Burmese
[ ANÁLISIS DE REPETICIÓN · EXTRAÍDO DE LA PARTIDA GRABADA ]
Feudal
—
Castillos
—
Imperial
—
| APM promedio | 39.5 |
| APM pico | 61 |
| eAPM promedio | 10.0 |
| Aldeanos / militares | 16 / 0 |
Foco
⚔️ 13.3% · 🌾 86.7%
Feudal
—
Castillos
—
Imperial
—
| APM promedio | 13.2 |
| APM pico | 27 |
| eAPM promedio | 6.3 |
| Aldeanos / militares | 13 / 0 |
Foco
⚔️ 4.3% · 🌾 95.7%
Feudal
—
Castillos
—
Imperial
—
| APM promedio | 0.4 |
| APM pico | 2 |
| eAPM promedio | 0.4 |
| Aldeanos / militares | 0 / 0 |
Feudal
—
Castillos
—
Imperial
—
| APM promedio | 24.1 |
| APM pico | 34 |
| eAPM promedio | 5.9 |
| Aldeanos / militares | 16 / 0 |
Foco
⚔️ 0.0% · 🌾 100.0%
Feudal
—
Castillos
—
Imperial
—
| APM promedio | 18.4 |
| APM pico | 25 |
| eAPM promedio | 8.0 |
| Aldeanos / militares | 15 / 0 |
Foco
⚔️ 0.0% · 🌾 100.0%
Feudal
—
Castillos
—
Imperial
—
| APM promedio | 8.7 |
| APM pico | 18 |
| eAPM promedio | 6.7 |
| Aldeanos / militares | 14 / 0 |
Foco
⚔️ 0.0% · 🌾 100.0%
Feudal
—
Castillos
—
Imperial
—
| APM promedio | 26.0 |
| APM pico | 68 |
| eAPM promedio | 13.2 |
| Aldeanos / militares | 21 / 0 |
Foco
⚔️ 4.3% · 🌾 95.7%
Feudal
—
Castillos
—
Imperial
—
| APM promedio | 18.2 |
| APM pico | 31 |
| eAPM promedio | 8.0 |
| Aldeanos / militares | 11 / 0 |
Foco
⚔️ 0.0% · 🌾 100.0%
Mapa de la partida
Recursos iniciales + cada clic de construcción. Líneas = muros · curvas = relieve. ◆ oro · ⬟ piedra · ● bayas · ✦ reliquia · ◌ hueco del cierre
Tu base
Base de Lucifer
Base de andreperim37
Base de Jimmy Levy (GEO)
Base de Renannve
Base de Faaaas
Base de Fralex04
Base de Blaxxun
Terreno inicial suavizado · ◌ = hueco del cierre detectado · pasá el cursor para detalles
Inputs por minuto
— Dishito - - Lucifer
Build order — Dishito
18 acciones detectadas en el replay
| 0:01 | Crear | Villager (Male) ×4 |
| 0:02 | Construir | House |
| 0:03 | Construir | House |
| 1:25 | Crear | Villager (Male) |
| 1:25 | Crear | Villager (Male) |
| 1:54 | Crear | Villager (Male) |
| 1:54 | Crear | Villager (Male) |
| 2:14 | Construir | Lumber Camp |
| 2:33 | Crear | Villager (Male) |
| 2:33 | Crear | Villager (Male) |
| 2:58 | Crear | Villager (Male) |
| 2:58 | Crear | Villager (Male) |
| 3:19 | Crear | Villager (Male) |
| 3:19 | Crear | Villager (Male) |
| 3:54 | Construir | House |
| 3:56 | Construir | Palisade Wall |
| 4:38 | Crear | Villager (Male) |
| 4:38 | Crear | Villager (Male) |
Build order — Lucifer
16 acciones detectadas en el replay
| 0:10 | Construir | House |
| 0:12 | Crear | Villager (Male) |
| 0:12 | Crear | Villager (Male) |
| 0:13 | Crear | Villager (Male) |
| 0:13 | Crear | Villager (Male) |
| 0:13 | Crear | Villager (Male) |
| 0:56 | Construir | House |
| 1:25 | Crear | Villager (Male) |
| 2:02 | Construir | Mining Camp |
| 2:22 | Crear | Villager (Male) |
| 2:38 | Crear | Villager (Male) |
| 2:53 | Crear | Villager (Male) |
| 3:29 | Crear | Villager (Male) |
| 3:46 | Crear | Villager (Male) |
| 4:08 | Crear | Villager (Male) |
| 4:10 | Crear | Villager (Male) |
Build order — andreperim37
0 acciones detectadas en el replay
Build order — Jimmy Levy (GEO)
22 acciones detectadas en el replay
| 0:02 | Crear | Villager (Male) |
| 0:03 | Crear | Villager (Male) |
| 0:04 | Construir | House |
| 0:05 | Construir | House |
| 0:17 | Crear | Villager (Male) |
| 0:18 | Crear | Villager (Male) |
| 1:16 | Crear | Villager (Male) |
| 1:53 | Crear | Villager (Male) |
| 1:57 | Investigar | Loom |
| 2:12 | Crear | Villager (Male) |
| 2:33 | Crear | Villager (Male) |
| 2:59 | Crear | Villager (Male) |
| 3:00 | Crear | Villager (Male) |
| 3:15 | Construir | Lumber Camp |
| 3:47 | Crear | Villager (Male) |
| 3:53 | Construir | House |
| 4:10 | Crear | Villager (Male) |
| 4:10 | Crear | Villager (Male) |
| 4:53 | Crear | Villager (Male) |
| 4:53 | Crear | Villager (Male) |
| 4:53 | Crear | Villager (Male) |
| 5:01 | Construir | House |
Build order — Renannve
20 acciones detectadas en el replay
| 0:03 | Crear | Villager (Male) |
| 0:03 | Crear | Villager (Male) |
| 0:03 | Crear | Villager (Male) |
| 0:04 | Crear | Villager (Male) |
| 0:04 | Crear | Villager (Male) |
| 0:05 | Construir | House |
| 0:07 | Construir | House |
| 1:24 | Crear | Villager (Male) |
| 1:53 | Crear | Villager (Male) |
| 2:08 | Construir | Lumber Camp |
| 2:29 | Crear | Villager (Male) |
| 3:01 | Crear | Villager (Male) |
| 3:12 | Crear | Villager (Male) |
| 3:19 | Construir | House |
| 3:36 | Crear | Villager (Male) |
| 4:18 | Crear | Villager (Male) |
| 4:18 | Crear | Villager (Male) |
| 4:41 | Crear | Villager (Male) |
| 4:41 | Crear | Villager (Male) |
| 4:56 | Construir | Mill |
Build order — Faaaas
20 acciones detectadas en el replay
| 0:09 | Construir | House |
| 0:14 | Crear | Villager (Male) |
| 0:27 | Crear | Villager (Male) |
| 0:27 | Crear | Villager (Male) |
| 0:44 | Construir | House |
| 1:10 | Crear | Villager (Male) |
| 1:10 | Crear | Villager (Male) |
| 1:24 | Construir | House |
| 1:31 | Construir | House |
| 1:37 | Crear | Villager (Male) |
| 2:08 | Crear | Villager (Male) |
| 2:34 | Construir | Mill |
| 2:39 | Crear | Villager (Male) |
| 3:04 | Crear | Villager (Male) |
| 3:27 | Crear | Villager (Male) |
| 3:53 | Crear | Villager (Male) |
| 4:09 | Crear | Villager (Male) |
| 4:43 | Crear | Villager (Male) |
| 4:54 | Investigar | Loom |
| 4:59 | Crear | Villager (Male) |
Build order — Fralex04
21 acciones detectadas en el replay
| 0:06 | Construir | House |
| 0:08 | Construir | House |
| 0:22 | Investigar | Loom |
| 0:22 | Crear | Villager (Male) ×4 |
| 0:22 | Crear | Villager (Male) ×4 |
| 1:36 | Crear | Villager (Male) |
| 1:36 | Crear | Villager (Male) |
| 2:25 | Crear | Villager (Male) |
| 2:53 | Crear | Villager (Male) |
| 2:53 | Crear | Villager (Male) |
| 3:00 | Construir | Lumber Camp |
| 3:15 | Crear | Villager (Male) |
| 3:15 | Crear | Villager (Male) |
| 3:26 | Construir | House |
| 3:32 | Construir | House |
| 3:54 | Crear | Villager (Male) |
| 3:54 | Crear | Villager (Male) |
| 4:21 | Construir | Palisade Wall |
| 4:29 | Crear | Villager (Male) ×2 |
| 4:49 | Crear | Villager (Male) |
| 4:49 | Crear | Villager (Male) |
Build order — Blaxxun
14 acciones detectadas en el replay
| 0:05 | Construir | House |
| 0:06 | Crear | Villager (Male) ×4 |
| 0:07 | Construir | House |
| 1:45 | Crear | Villager (Male) |
| 1:49 | Construir | Lumber Camp |
| 2:06 | Crear | Villager (Male) |
| 2:33 | Crear | Villager (Male) |
| 3:02 | Crear | Villager (Male) |
| 3:28 | Crear | Villager (Male) |
| 3:32 | Construir | House |
| 3:35 | Investigar | Loom |
| 3:51 | Crear | Villager (Male) |
| 4:00 | Construir | Mill |
| 4:18 | Crear | Villager (Male) |
Cronología de la partida
| 3:56 | Dishito · wall_segment Palisade Wall x7 |
| 4:21 | Fralex04 · wall_segment Palisade Wall x1 |
| 5:03 | Blaxxun · resign |
[ ANÁLISIS IA · 1 CRÉDITO ]
¿Qué pasó realmente en esta partida?
Wolo.gg analiza cada decisión: build order, eco, micro, errores típicos por bracket. Análisis personalizado por WhatsApp o Discord en 30 segundos.
Guía civ
Mongoles
Guía mapa
Oasis
Perfil
Jugador #375770